 Dungeon Crawl Stone Soup version 0.31-a0-1002-g8e65716e6e (webtiles) character file.

Game seed: 13239410299965891858

67 BritishOli the Trooper (level 4, 36/36 HPs)
             Began as a Demonspawn Fighter on Nov 10, 2023.
             Got out of the dungeon alive.
             The game lasted 00:01:21 (1360 turns).

BritishOli the Trooper (Demonspawn Fighter)         Turns: 1360, Time: 00:01:22

Health: 36/36      AC:  9    Str: 18    XL:     4   Next: 0%
Magic:  4/4        EV:  9    Int:  9    God:
Gold:   127        SH:  4    Dex: 13    Spells: 3/3 levels left

rFire   . . .        a - +0 war axe
rCold   . . .        c - +0 buckler
rNeg    . . .        b - +0 scale mail
rPois   .            (no helmet)
rElec   .            h - +0 cloak
rCorr   .            (no gloves)
SInv    .            (no boots)
Will    .....        (no amulet) Stlth
                     (no ring)
HPRegen 0.26/turn    (no ring)
MPRegen 0.09/turn

%: no passive effects
@: no status effects
A: hooves 1, rugged brown scales 1, powered by pain 1
a: no special abilities


You escaped.
You visited 1 branch of the dungeon, and saw 2 of its levels.

You collected 127 gold pieces.

Inventory:

Hand Weapons
 a - a +0 war axe (weapon)
Armour
 b - a +0 scale mail (worn)
 c - a +0 buckler (worn)
 h - a +0 cloak (worn)
Scrolls
 f - a scroll of amnesia {unknown}
 g - a scroll of poison {unknown}
 j - a scroll of identify {unknown}
 k - a scroll of enchant weapon {unknown}
 l - a scroll of butterflies {unknown}
Potions
 d - a potion of might
 e - a potion of magic {unknown}
 i - a potion of curing {unknown}


   Skills:
 * Level 3.5 Fighting
 + Level 2.4 Axes
 + Level 3.2 Armour
 - Level 3.1 Shields


You had 3 spell levels left.
You didn't know any spells.
Your spell library was empty.

Dungeon Overview and Level Annotations

Branches:
Dungeon (2/15)

Altars:


Innate Abilities, Weirdness & Mutations

You have large cloven feet.
You are partially covered in rugged brown scales. (AC +1, +3% HP)
You sometimes gain a little power by taking damage.


Message History

You now have 127 gold pieces (gained 16).
There is an open door here.
Key pressed, stopping explore.
No target in view!
No target in view!
l - a scroll labelled HEDEAMOPOR Key pressed, stopping explore.
No target in view!
Key pressed, stopping explore.
No target in view!
Key pressed, stopping explore.
No target in view!
Key pressed, stopping explore.
No target in view!
Key pressed, stopping explore.
No target in view!
Key pressed, stopping explore.
No target in view!
Done exploring.
No target in view!
No target in view!
No target in view!
No target in view!
No target in view!
Done exploring.
No target in view!
Done exploring.
No target in view!
No target in view!
There is a stone staircase leading up here.
You climb upwards.
There is a stone staircase leading down here.
Okay, then.
Okay, then.
Okay, then.
You see here a +0 dagger.
There is a stone staircase leading down here.
There is an open door here.
There is a staircase leading out of the dungeon here.
You have escaped!

#.##...........#
#.............
#.#########.##.#
#......#####..
#...........##.# #......#
####.
#######.######'######.###
#....
#.##.........##.#####.#..
#.##.........##....##.#..
#.##..⌠...⌠..#####..>.#..
#..#.........#######.####
##.'....@....'..#......##
###.........##.#........
#..⌠...⌠..#...........
#.........#....##.....
#.........#....##.####
#####'#####....##.....
#.....#....#######
#####......# ###....#


There were no monsters in sight!

Vanquished Creatures
  An adder (D:2)
  A worm (D:2)
  A dart slug (D:2)
  A bat (D:1)
  7 endoplasms
  3 giant cockroaches
  5 goblins
  4 hobgoblins
  9 jackals
  8 ball pythons
  3 kobolds
  3 rats (D:2)
46 creatures vanquished.

Notes
Turn   | Place    | Note
-------+----------+-------------------------------------------
     0 | D:1      | BritishOli the Demonspawn Fighter began the quest for the
                  | Orb.
     0 | D:1      | Reached XP level 1. HP: 18/18 MP: 1/1
   148 | D:1      | Gained mutation: You are partially covered in rugged brown
                  | scales. (AC +1, +3% HP) [demonic ancestry]
   148 | D:1      | Reached XP level 2. HP: 18/24 MP: 2/2
   744 | D:2      | Gained mutation: You have large cloven feet. [demonic
                  | ancestry]
   744 | D:2      | Reached XP level 3. HP: 29/29 MP: 3/3
  1100 | D:2      | Gained mutation: You sometimes gain a little power by
                  | taking damage. [demonic ancestry]
  1100 | D:2      | Reached XP level 4. HP: 36/36 MP: 4/4
  1360 | D:$      | Got out of the dungeon alive.

Illustrated notes

Levels and vault maps discovered:
D:1:      mushboom_english_gardens, layout_basic
D:2:      layout_rooms, eino_tiny_chamber

Skill      XL: |  1  2 |
---------------+-------+-----
Axes           | 2 |  2.4
Armour         | 3 |  3.2
Shields        | 3 |  3.1
Fighting       | |  3.5

Action                     |  1- 3 |  4- 6 || total
---------------------------+-------+-------++-------
  Melee: War axe           |    98 |       ||    98
         Kick              |     7 |       ||     7
 Armour: Scale mail        |    81 |       ||    81
  Dodge: Dodged            |    48 |       ||    48
  Block: Buckler           |    21 |       ||    21

Table legend: (Time is in decaauts)
 A = Elapsed time spent in this place.
 B = Non-inter-level travel time spent in this place.
 C = Inter-level travel time spent in this place.
 D = Time resting spent in this place.
 E = Time spent auto-exploring this place.
 F = Levels seen in this place.
 G = Mean time per level.
                   A        B        C        D        E       F      G
               +--------+--------+--------+--------+--------+-----+--------+
         Total |   1402 |   1276 |    126 |      0 |   1028 |   2 |  701.0 |
       Dungeon |   1402 |   1276 |    126 |      0 |   1028 |   2 |  701.0 |
               +--------+--------+--------+--------+--------+-----+--------+

Top non-repeatable levels by time:
     D:1: 860 daAuts
     D:2: 541 daAuts
